 Dungeon Crawl Stone Soup version 0.32-a0-768-g0f6f1dd4b9 (webtiles) character file.

Game seed: 16200441103410227576

1667022 910rd the Skinwalker (level 26, 562/562 HPs)
             Began as a Red Draconian Shapeshifter on Mar 15, 2024.
             Was the Champion of Yredelemnul.
             Escaped with the Orb
             ... and 3 runes on Mar 18, 2024!
             The game lasted 05:23:59 (68739 turns).

910rd the Skinwalker (Red Draconian Shapeshifter)  Turns: 68739, Time: 05:23:59

Health: 562/562    AC: 23    Str: 41    XL:     26   Next: 15%
Magic:  32/32      EV: 10    Int: 20    God:    Yredelemnul [******]
Gold:   1033       SH:  0    Dex:  9    Spells: 4/35 levels left

rFire   + +          +
                       - Unarmed
rCold   + + .        (shield currently unavailable)
rNeg    . . .        (body armour unavailable)
rPois   +            X - melded +2 hat {SInv}
rElec   +            l - melded +2 cloak {Will+}
rCorr   +            B - melded +3 pair of gauntlets of War {Slay+5}
SInv    .            m - melded +0 pair of boots
Will    ++...        E - amulet of regeneration Stlth
                     R - ring of Adant {rC+ rCorr Int+3}
HPRegen 1.93/turn    P - ring "Ufuagecw" {rC+ Str+6 Int+5 Dex-2}
MPRegen 0.23/turn

%: no passive effects
@: mighty, berserking, dragon-form, resistant, attractive, enlightened, flying,
hasted, invisible, very quick
A: dragon claw, dragon scales, flying, boosted hp, combustion breath, AC +12,
giant, unfitting armour, (fire resistance 1), (cold-blooded), deterioration 1,
low MP 1, weak 1, wild magic 1, devolution 1, persistent drain
0: Orb of Zot
}: 3/15 runes: serpentine, barnacled, slimy
a: Breathe Fire, Combustion Breath, Begin Untransformation, Renounce Religion,
Light the Black Torch, Recall Undead Harvest, Hurl Torchlight, Bind Soul,
Fathomless Shackles


You escaped.
You worshipped Yredelemnul.
Yredelemnul was most pleased with you.
You were a fearsome fire dragon!
You visited 11 branches of the dungeon, and saw 52 of its levels.
You visited the Abyss 1 time.
You visited 2 bazaars.
You also visited: Ossuary, Bailey, Gauntlet, Ice Cave and Wizlab.

You collected 8518 gold pieces.
You spent 7485 gold pieces at shops.

Inventory:

Missiles
 i - 6 silver javelins (quivered)
 D - a throwing net
 F - 14 curare-tipped darts
Armour
 a - the +1 cloak of Sicaur {rElec rC+ rN+ MP-9}
   (You found it on level 2 of the Vaults)

   rC+:       It protects you from cold.
   rElec:     It insulates you from electricity.
   rN+:       It protects you from negative energy.
   MP-9:      It affects your magic capacity (-9).
 l - a +2 cloak of willpower (melded)
 m - a +0 pair of boots (melded)
 B - the +3 pair of gauntlets of War (melded) {Slay+5}
   (You found it on level 3 of the Elven Halls)

   Slay+5:    It affects your accuracy & damage with ranged weapons and melee
   (+5).
 X - a +2 hat of see invisible (melded)
Jewellery
 b - a ring of resist corrosion
 o - the ring of the Mage {Wiz Archmagi}
   (You found it on level 2 of the Depths)

   [ring of wizardry]

   Wiz:       It improves your spell success rate.
   Archmagi:  It increases the power of your magical spells.
 w - the ring of the Marlin {Fire rElec Int+4 Slay+3}
   (You took it off an ironbound preserver on level 1 of the Vaults)

   [ring of fire]

   Fire:      It enhances your fire magic.
   Int+4:     It affects your intelligence (+4).
   Slay+3:    It affects your accuracy & damage with ranged weapons and melee
   (+3).
   rF+:       It protects you from fire.
   rC-:       It makes you vulnerable to cold.
   rElec:     It insulates you from electricity.
 E - an amulet of regeneration (around neck)
 J - the ring of Summer {+Blink Will+}
   (You acquired it on level 12 of the Dungeon)

   [ring of willpower]

   Will+:     It increases your willpower.
   +Blink:    It lets you blink.
 P - the ring "Ufuagecw" (right foreclaw) {rC+ Str+6 Int+5 Dex-2}
   (You found it on level 9 of the Dungeon)

   [ring of strength]

   Str+6:     It affects your strength (+6).
   Int+5:     It affects your intelligence (+5).
   Dex-2:     It affects your dexterity (-2).
   rC+:       It protects you from cold.
 R - the ring of Adant (left foreclaw) {rC+ rCorr Int+3}
   (You bought it in a shop on level 2 of the Snake Pit)

   [ring of resist corrosion]

   Int+3:     It affects your intelligence (+3).
   rC+:       It protects you from cold.
   rCorr:     It protects you from acid and corrosion.
 T - the amulet of Xom's Bemusement {Spirit rPois rF+ Int-4 Dex+3}
   (You found it on level 5 of the Pits of Slime)

   [amulet of guardian spirit]

   Spirit:    It causes incoming damage to be divided between your reserves of
   health and magic.
   Int-4:     It affects your intelligence (-4).
   Dex+3:     It affects your dexterity (+3).
   rF+:       It protects you from fire.
   rPois:     It protects you from poison.
 Y - the ring "Cutim" {Fly Will+ EV+5 Stlth+}
   (You found it on level 5 of the Pits of Slime)

   [ring of evasion]

   EV+5:      It affects your evasion (+5).
   Will+:     It increases your willpower.
   Fly:       It grants you flight.
   Stlth+:    It makes you more stealthy.
Talismans
 e - a storm talisman
 z - a granite talisman
 M - a dragon-blood talisman (active)
 U - a talisman of death
Wands
 u - a wand of digging (9)
 K - a wand of paralysis (44)
 N - a wand of warping (51)
 Z - a wand of light (11)
Scrolls
 d - a scroll of silence
 k - 10 scrolls of teleportation
 n - 7 scrolls of immolation
 y - 9 scrolls of poison
 A - 5 scrolls of fear
 L - a scroll of butterflies
 Q - 3 scrolls of fog
 W - 5 scrolls of blinking
Potions
 g - 8 potions of lignification
 h - 2 potions of brilliance
 j - 8 potions of enlightenment
 p - 4 potions of haste
 q - 7 potions of invisibility
 r - 10 potions of attraction
 t - a potion of berserk rage
 v - 3 potions of cancellation
 x - 16 potions of curing
 C - 12 potions of mutation
 G - 3 potions of magic
 O - 4 potions of heal wounds
Miscellaneous
 c - a lightning rod (4/4)
 s - a phial of floods
 I - a box of beasts (inert)
 V - a phantom mirror


   Skills:
 + Level 23.0 Fighting
 - Level 15.0 Dodging
 - Level 18.0 Unarmed Combat
 - Level 5.0 Spellcasting
 - Level 5.0 Conjurations
 - Level 3.0 Hexes
 - Level 14.0 Translocations
 - Level 6.0 Fire Magic
 - Level 5.0 Earth Magic
 - Level 8.0 Alchemy
 + Level 17.4 Invocations
 - Level 14.0 Evocations
 - Level 23.0 Shapeshifting


You had 4 spell levels left.
You knew the following spells:

 Your Spells              Type           Power      Damage    Failure   Level
a - Jinxbite              Hex            44%        N/A       8%          2
b - Stone Arrow           Conj/Erth      64%        3d11      7%          3
c - Manifold Assault      Tloc           68%        N/A       1%          4
d - Sandblast             Erth           64%        2d14      3%          1
e - Ignite Poison         Fire/Alch      42%        N/A       10%         4
f - Passage of Golubria   Tloc           68%        N/A       1%          4
g - Lesser Beckoning      Tloc           100%       N/A       1%          2
h - Olgreb's Toxic Radia  Alch           48%        N/A       7%          4
i - Dispersal             Tloc           34%        N/A       9%          6
z - Apportation           Tloc           100%       N/A       1%          1

Your spell library contained the following spells:

 Spells                   Type           Power      Damage    Failure   Level
 Gell's Gravitas          Tloc           68%        N/A       1%          3
 Teleport Other           Tloc           68%        N/A       1%          3
 Magic Dart               Conj           100%       1d8       3%          1
 Searing Ray              Conj           64%        2d6       4%          2
 Iskenderun's Mystic Bla  Conj/Tloc      54%        2d12      4%          4
 Slow                     Hex            88%        N/A       5%          1
 Mercury Vapours          Alch/Air       54%        N/A       5%          2
 Dimensional Bullseye     Hex/Tloc       25%        N/A       6%          4
 Passwall                 Erth           32%        N/A       7%          3
 Inner Flame              Hex/Fire       29%        N/A       9%          3
 Cigotuvi's Dreadful Rot  Necr/Alch/Air  40%        N/A       10%         2
 Mephitic Cloud           Conj/Alch/Air  29%        N/A       10%         3
 Sticky Flame             Fire/Alch      42%        2d8       10%         4
 Dazzling Flash           Conj/Hex       54%        N/A       11%         3
 Fulminant Prism          Conj/Alch      20%        3d12      12%         4
 Leda's Liquefaction      Alch/Erth      20%        N/A       12%         4
 Petrify                  Alch/Erth      40%        N/A       12%         4
 Ensorcelled Hibernation  Hex/Ice        28%        N/A       14%         2
 Confusing Touch          Hex            22%        N/A       14%         3
 Sigil of Binding         Hex            22%        N/A       14%         3
 Tukima's Dance           Hex            22%        N/A       14%         3
 Hailstorm                Conj/Ice       19%        3d7       17%         3
 Brom's Barrelling Bould  Conj/Erth      32%        2d5       21%         4
 Call Imp                 Summ           12%        N/A       24%         2
 Sublimation of Blood     Necr           6%         N/A       24%         2
 Cause Fear               Hex            11%        N/A       41%         4
 Call Canine Familiar     Summ           6%         N/A       43%         3
 Frozen Ramparts          Ice            12%        1d2       43%         3
 Fugue of the Fallen      Necr           6%         N/A       43%         3
 Ozocubu's Armour         Ice            6%         N/A       43%         3
 Summon Ice Beast         Ice/Summ       6%         N/A       43%         3
 Swiftness                Air            6%         N/A       43%         3
 Vampiric Draining        Necr           6%         2d6       43%         3
 Anguish                  Hex/Necr       7%         N/A       61%         4
 Martyr's Knell           Necr/Summ      6%         N/A       82%         4
 Summon Lightning Spire   Summ/Air       6%         N/A       82%         4
 Alistair's Intoxication  Alch           32%        N/A       17%         5
 Summon Forest            Summ/Tloc      21%        N/A       26%         5
 Irradiate                Conj/Alch      20%        3d18      30%         5
 Fireball                 Conj/Fire      17%        3d9       41%         5
 Yara's Violent Unravell  Hex/Alch       17%        3d8       41%         5
 Iskenderun's Battlesphe  Conj           32%        2d8       47%         5
 Borgnjor's Vile Clutch   Necr/Erth      9%         N/A       82%         5
 Freezing Cloud           Conj/Ice/Air   7%         6-21      90%         5
 Metabolic Englaciation   Hex/Ice        7%         N/A       90%         5
 Silence                  Hex/Air        7%         N/A       90%         5
 Summon Mana Viper        Hex/Summ       14%        N/A       90%         5
 Bombard                  Conj/Erth      16%        9d3       95%         6
 Curse of Agony           Necr           6%         N/A       98%         5
 Sculpt Simulacrum        Ice/Alch       13%        N/A       99%         6
 Conjure Ball Lightning   Conj/Air       9%         3x3d6     100%        6
 Permafrost Eruption      Ice/Erth       9%         2x4d4     100%        6
 Summon Cactus Giant      Summ           3%         N/A       100%        6
 Enfeeble                 Hex            11%        N/A       100%        7
 Haunt                    Necr/Summ      3%         N/A       100%        7
 Orb of Destruction       Conj           16%        9d7       100%        7
 Ozocubu's Refrigeration  Ice            3%         4d8       100%        7
 Spellforged Servitor     Conj/Summ      9%         N/A       100%        7
 Summon Hydra             Summ           3%         N/A       100%        7
 Borgnjor's Revivificati  Necr           3%         N/A       100%        8
 Discord                  Hex            11%        N/A       100%        8
 Ignition                 Fire           18%        3d7       100%        8
 Lehudib's Crystal Spear  Conj/Erth      16%        10d5      100%        8
 Summon Horrible Things   Summ           3%         N/A       100%        8
 Death's Door             Necr           3%         N/A       100%        9
 Polar Vortex             Ice            3%         N/A       100%        9
 Animate Armour           Summ/Erth      Unusable   N/A       N/A         4
 Death Channel            Necr           Unusable   N/A       N/A         6

Dungeon Overview and Level Annotations

Branches:
Dungeon (15/15)            Temple (1/1) D:4            Lair (5/5) D:10
 Shoals (4/4) Lair:2        Snake (4/4) Lair:2        Slime (5/5) Lair:5
    Orc (2/2) D:10            Elf (3/3) Orc:2        Vaults (4/5) D:13
  Crypt (0/3) Vaults:3     Depths (4/4) D:15            Zot (5/5) Depths:4
Ossuary (visited)          Bailey (visited)           IceCv (visited)
 WizLab (visited)         Gauntlet (visited)

Altars:
Ashenzari
Cheibriados
Dithmenos
Elyvilon
Fedhas
Gozag
Hepliaklqana
Kikubaaqudgha
Makhleb
Nemelex Xobeh
Okawaru
Qazlal
Ru
Sif Muna
Trog
Uskayaw
Vehumet
Wu Jian
Xom
Yredelemnul
Zin
The Shining One
Beogh
Jiyva

Shops:
D:3 [   D:7 *   D:10 :   Orc:2 *([=   Elf:2 *   Elf:3 ?(   Shoals:3 !
Shoals:4 *=   Snake:2 *[=   Snake:3 !   Snake:4 ***   Vaults:1 :   Vaults:2 (
Vaults:3 !:*[?*   Vaults:4 [=(   Depths:2 =[

Portals:
Hell: Depths:1 Depths:2 Depths:3 Depths:4
Abyss: Depths:3
Pandemonium: Depths:1 Depths:2
Ziggurat: Depths:4

Annotations:
Shoals:1 3 runed translucent doors
Elf:2 3 runed translucent doors


Innate Abilities, Weirdness & Mutations

You are a fearsome fire dragon!
You have a powerful clawing attack.
Your giant scaled body is strong and resilient, but less evasive.
Your breath weapon is enhanced in this form.
You are flying.
Your maximum health is greatly increased.
Your armour is entirely melded.
You are incapable of wielding weapons or throwing items.
You can breathe blasts of explosive embers.
Your fiery red scales are hard. (AC +12)
You cannot fit into any form of body armour.
((Your flesh is heat resistant. (rF+)))
((You are cold-blooded and may be slowed by cold attacks.))
Your body sometimes deteriorates upon taking damage.
Your magical capacity is low. (-10% MP)
You are weak. (Str -2)
Your spells are a little harder to cast, but a little more powerful.
You have hidden genetic defects.
Your health recovers twice as slowly from being drained.


Message History

There is a stone staircase leading down here.
Magic restored.
There is a stone staircase leading up here.
MP restored: 32 You fly upwards.
There is a stone staircase leading down here.
There is a stone staircase leading up here.
You fly upwards.
There is a stone staircase leading down here.
There is an open door here.
There is an open door here.
There is a stone staircase leading up here.
You fly upwards.
There is a stone staircase leading down here.
You swap places.
There is a stone staircase leading up here.
You fly upwards.
There is a stone staircase leading down here.
You swap places.
You see here a +0 chain mail.
Things that are here:
a +0 club; a goblin skeleton
There is a staircase leading out of the dungeon here.
You feel protected.
You feel more buoyant.
You feel yourself speed up.
You fade into invisibility!
You feel attractive to monsters.
You feel very mighty all of a sudden.
The Executioner is attracted toward you.
An Executioner comes into view.
A red film seems to cover your vision as you go berserk!
You feel yourself moving faster!
You feel mighty!
The Executioner is attracted toward you.
You now have 562/562 hp.
You feel a strong urge to attack something.
The Executioner gestures.
The Executioner seems to speed up.
The Executioner is attracted toward you.
You have escaped!

#.#.##.#....####.# ####
#.#.##.).#### ##.## ###..#
#.#.##.....####...####....#
#.#.##.#.§...#..~..#.....##
#.#.##.#ß..§....~....~..ß#
#.#.##.##...§..~~~..~.).#######
..#....#.....~1~~~~~.....#....#
######.....~~~~...~~~~........###
.........~~~~~.ZD..~~~~~.........
#####.#....~~~~...~~~~....###....
....#.##.....~~~~~~~.....## #....
......###...~..~~~..~...## #....
#......#ß..~....~....~..ß# #....
#..#...#.....#..~..#.....## #....
#..........####...####....# #....
####.....### ##.#######..###....
# ##....# #.#..........#....


You could see an Executioner (fast, ally target) and the friendly Frederick the
bound demigod.

Vanquished Creatures
  the Royal Jelly (Slime:5)
  7 orbs of fire (Zot:5)
  2 dread liches
  3 ancient liches
  A juggernaut (Depths:3)
  Boris (Vaults:4)
  A Killer Klown (Zot:5)
  A curse toe (Zot:2)
  A caustic shrike (Depths:2)
  A profane servitor (Abyss:2)
  6 golden dragons
  the Enchantress (Depths:4)
  Nikola (Shoals:2)
  2 electric golems (Zot:5)
  6 tentacled monstrosities
  3 quicksilver dragons
  8 Orb Guardians (Zot:5)
  Asterion (Depths:1)
  3 liches
  A titan (Depths:2)
  2 deep elf blademasters (Elf:3)
  9 acid blobs
  A kraken (Shoals:3)
  4 sphinxes
  Polyphemus (Shoals:3)
  A deep elf master archer (Elf:3)
  A death cob (Zot:2)
  Gastronok (Lair:2)
  A tentacled starspawn (Abyss:2)
  An ancient champion (Vaults:3)
  4 storm dragons
  Aizul (Shoals:2)
  3 protean progenitors
  A shadow dragon (Depths:3)
  3 tengu reavers
  10 rockslimes
  Roxanne (Shoals:1)
  2 draconian monks
  8 fire giants
  2 draconian knights
  7 azure jellies
  3 nagarajas
  A draconian shifter (Zot:4)
  5 vault wardens
  A demonspawn warmonger (Zot:5)
  5 deep elf sorcerers (Elf:3)
  11 frost giants
  A ghost moth (Zot:5)
  4 orc warlords
  2 draconian stormcallers
  5 iron dragons
  4 reapers
  2 deep elf elementalists (Elf:3)
  14 ironbound preservers
  9 stone giants
  5 spriggan defenders
  5 quicksilver oozes
  3 formless jellyfish
  4 ironbound thunderhulks
  2 very ugly things
  2 draconian annihilators
  A black draconian (Zot:1)
  4 deep elf demonologists
  2 deep elf annihilators (Elf:3)
  2 vampire knights
  6 deep elf death magi
  6 green draconians
  2 purple draconians (Depths:4)
  A red draconian (Depths:4)
  4 yellow draconians
  5 dire elephants
  An orange crystal statue (WizLab)
  6 spark wasps
  A spectral human (Elf:3)
  A minotaur (Gauntlet)
  2 merfolk javelineers
  A crystal guardian (Vaults:1)
  6 merfolk impalers
  2 jiangshi (Depths:1)
  A quicksilver dragon zombie (Depths:1)
  5 ettins
  5 deep elf high priests
  An entropy weaver (Gauntlet)
  9 yaktaur captains
  9 great orbs of eyes
  4 fire dragons
  Josephine (Lair:4)
  4 catoblepae (Lair:5)
  7 ice dragons
  A peacekeeper (Vaults:1)
  5 spriggan air magi
  3 rakshasas
  A hell beast (Depths:2)
  An ogre mage (Vaults:4)
  8 hydras
  11 anacondas
  A juggernaut simulacrum (Depths:3)
  5 boulder beetles
  A caustic shrike simulacrum (Depths:3)
  6 vault guards
  6 ironbound frosthearts
  7 centaur warriors
  6 dancing weapons
  4 merfolk aquamancers
  2 satyrs
  3 two-headed ogres
  Urug (Lair:4)
  3 deep troll shamans
  8 death yaks
  A merfolk avatar (Shoals:4)
  6 tengu warriors
  6 deep troll earth magi
  2 vampire magi (Depths:1)
  6 thrashing horrors (Abyss:2)
  12 naga warriors
  2 occultists
  7 spriggan berserkers
  11 shock serpents
  5 deep elf knights
  11 naga sharpshooters
  A soul eater (Depths:2)
  4 orc high priests
  5 skysharks
  4 hell knights
  A spectral elf (Elf:3)
  A wretched star (Abyss:2)
  7 skeletal warriors (Vaults:3)
  4 iron trolls
  A goliath frog (shapeshifter) (D:13)
  10 mana vipers
  A spectral anaconda (Snake:4)
  A storm dragon skeleton (Vaults:3)
  8 glowing orange brains
  7 salamander mystics
  7 sea snakes
  6 deep elf archers
  51 deep trolls
  4 naga ritualists
  4 arcanists
  9 harpies
  A swamp dragon (shapeshifter) (Depths:1)
  2 thermic dynamos (Elf:3)
  2 necromancers
  7 orc knights
  13 ironbound convokers
  A harpy (shapeshifter) (D:13)
  6 lindwurms
  7 orc sorcerers
  2 oklob plants
  21 ugly things
  8 deep elf zephyrmancers
  9 manticores
  A will-o-the-wisp (Abyss:2)
  A wolf spider (Gauntlet)
  8 cyclopes
  A fire giant zombie (Depths:1)
  10 deep elf pyromancers
  A stone giant zombie (Vaults:4)
  A cyclops (shapeshifter) (Depths:1)
  5 fauns
  6 shining eyes
  11 salamanders
  An apocalypse crab (Abyss:2)
  A spectral shock serpent (Snake:4)
  8 elephants
  6 moths of wrath
  A stone giant skeleton (Vaults:3)
  A shock serpent zombie (Snake:4)
  10 guardian serpents
  3 human skeletons (Vaults:3)
  A rust devil (Depths:1)
  A spectral centaur (D:11)
  A centaur zombie (D:11)
  2 kobold blastminers (Orc:2)
  A spectral mana viper (Snake:4)
  10 naga magi
  2 ice statues (IceCv)
  A torpor snail (Lair:3)
  33 black mambas
  9 water nymphs
  16 vault sentinels
  10 merfolk sirens
  16 cane toads
  A yaktaur zombie (Vaults:4)
  A large abomination (Abyss:2)
  2 smoke demons
  2 gargoyles
  3 efreet
  8 komodo dragons
  Maggie (D:7)
  7 rime drakes
  26 yaktaurs
  An anaconda simulacrum (IceCv)
  A freezing wraith (IceCv)
  7 ice devils (IceCv)
  3 tengu conjurers
  2 yaktaur skeletons (Vaults:3)
  A queen bee (Gauntlet)
  6 trolls
  19 merfolk
  3 polar bears
  Grinder (D:4)
  A wolf spider simulacrum (D:14)
  5 blink frogs
  A meliai zombie (D:11)
  3 glass eyes
  7 snapping turtles
  10 dream sheep
  A spectral black mamba (Snake:4)
  A jumping spider (Gauntlet)
  A snapping turtle (shapeshifter) (Depths:1)
  2 ynoxinuls (Abyss:2)
  3 centaur simulacra (D:14)
  81 slime creatures
  12 water elementals
  3 spriggans (Depths:4)
  2 vampires
  4 wraiths
  4 hogs (Lair:4)
  5 starcursed masses (Abyss:2)
  39 yaks
  7 wyverns
  Grum (D:8)
  An air elemental (Elf:2)
  A fire elemental (Elf:2)
  Eustachio (D:4)
  2 golden eyes (Abyss:2)
  A warg (shapeshifter) (D:15)
  2 elf skeletons (Vaults:4)
  4 wargs (Orc:1)
  A death yak simulacrum (IceCv)
  5 basilisks
  A redback (Vaults:3)
  A redback simulacrum (D:14)
  9 vampire mosquitoes
  Menkaure (D:5)
  2 glowing shapeshifter zombies (Vaults:4)
  A harpy simulacrum (D:15)
  Edmund (D:4)
  3 naga zombies (Snake:4)
  A faun zombie (Shoals:1)
  3 acid dragons
  40 nagas
  18 water moccasins
  18 orc warriors
  A black bear (D:8)
  A meliai simulacrum (D:14)
  8 ice beasts
  12 ogres
  6 boggarts
  14 centaurs
  21 wolves
  3 kobold brigands
  10 bullfrogs
  A weeping skull (Ossuary)
  5 elf zombies
  2 salamander zombies (Snake:4)
  3 gnoll sergeants
  An earth elemental (Elf:3)
  7 scorpions
  2 two-headed ogre simulacra (IceCv)
  A small abomination (Abyss:2)
  2 cane toad simulacra (IceCv)
  A burial acolyte (Ossuary)
  4 wights (D:9)
  6 killer bees
  A spectral ogre (Orc:2)
  A human simulacrum (Vaults:4)
  8 wolf zombies (Bailey)
  7 howler monkeys
  9 vampire bats (Bailey)
  4 hounds
  2 human zombies
  10 orc priests
  An iron imp (Abyss:2)
  15 orc wizards
  2 iguanas (D:5)
  4 sleepcaps
  3 polar bear simulacra (IceCv)
  2 troll simulacra (IceCv)
  A wolf simulacrum (IceCv)
  2 mummies (Ossuary)
  A hound zombie (Ossuary)
  9 gnolls
  12 adders
  3 naga simulacra (IceCv)
  2 shadow imps
  5 white imps
  2 ufetubi
  4 dart slugs
  3 ribbon worms
  31 orcs
  2 ball pythons
  7 bats
  4 endoplasms
  4 giant cockroaches
  A gnoll zombie (Ossuary)
  7 hobgoblins
  2 jackals (D:1)
  12 kobolds
  6 quokkas
  7 goblins
  14 orc zombies (Bailey)
  2 quokka zombies (D:4)
  4 rats
  2 aspiring fleshes
  2 starspawn tentacles (Abyss:2)
  A tentacle (Shoals:3)
1585 creatures vanquished.

Vanquished Creatures (collateral kills)
  A dread lich (Zot:5)
  An ancient lich (Zot:5)
  Mennas (Vaults:4)
  Xtahua (Vaults:4)
  The ghost of Plog the Evocator, a veteran CoAr of Beogh (Vaults:2)
  2 Killer Klowns (Zot:5)
  A curse toe (Zot:1)
  A pandemonium lord (Depths:1)
  Norris (Vaults:1)
  2 electric golems
  A lich (Depths:2)
  Jorgrun (Shoals:1)
  3 tentacled monstrosities
  14 Orb Guardians (Zot:5)
  A quicksilver dragon (Zot:2)
  4 acid blobs (Slime:5)
  A titan (Depths:3)
  2 sphinxes
  4 death cobs
  Kirke (Lair:4)
  A shadow dragon (Depths:3)
  6 azure jellies
  A nagaraja (Snake:4)
  A draconian knight (Zot:2)
  3 protean progenitors
  A fire giant (Depths:2)
  A storm dragon (Zot:1)
  4 rockslimes
  An iron dragon (Depths:3)
  4 draconian shifters
  A deep elf sorcerer (Depths:3)
  A vault warden (Vaults:3)
  A deep elf elementalist (Elf:2)
  A demonspawn blood saint (Zot:5)
  A very ugly thing (Depths:1)
  4 ironbound preservers
  2 spriggan defenders
  4 stone giants
  5 quicksilver oozes (Slime:5)
  2 ironbound thunderhulks (Vaults:4)
  A vampire knight (Depths:4)
  A green draconian (Zot:2)
  A formless jellyfish (Slime:2)
  2 deep elf death magi
  A deep elf demonologist (Elf:1)
  A deep elf annihilator (Elf:2)
  A dire elephant (Vaults:1)
  2 black draconians
  2 spark wasps
  A purple draconian (Depths:4)
  A bunyip (Zot:5)
  A blizzard demon (Zot:5)
  A merfolk impaler (Shoals:3)
  A crystal guardian (Vaults:1)
  An ettin (Zot:5)
  A yaktaur captain (Vaults:2)
  An entropy weaver (Vaults:3)
  3 ice dragons
  A rakshasa (D:13)
  An ogre mage (Orc:2)
  A caustic shrike simulacrum (Depths:3)
  A catoblepas (Shoals:3)
  4 spriggan air magi
  A salamander tyrant (Depths:3)
  The ghost of adelrune the Slicer, a journeyman DsFi of Makhleb (D:11)
  7 centaur warriors
  An ironbound frostheart (Vaults:2)
  3 anacondas
  A satyr (Shoals:3)
  A dancing weapon (Elf:1)
  2 merfolk avatars (Shoals:1)
  A two-headed ogre (Orc:2)
  2 boulder beetles
  3 death yaks
  2 tengu warriors (Depths:4)
  2 deep troll shamans (Depths:2)
  An occultist (Depths:3)
  3 deep troll earth magi
  4 naga sharpshooters
  Sonja (Lair:2)
  2 hell knights (Depths:3)
  9 deep elf knights
  3 shock serpents
  4 skysharks
  A spark wasp zombie (Depths:3)
  6 sea snakes
  A storm dragon skeleton (Depths:3)
  2 mana vipers
  A skeletal warrior (Vaults:3)
  15 deep trolls
  A flayed ghost (Depths:3)
  2 lindwurms
  2 arcanists
  18 harpies
  10 deep elf archers
  8 deep elf zephyrmancers
  2 naga ritualists (Snake:3)
  2 necromancers
  3 thermic dynamos (Elf:3)
  An orc knight (Orc:1)
  A harpy (shapeshifter) (D:13)
  11 deep elf pyromancers
  An ironbound convoker (Vaults:2)
  3 orc sorcerers
  6 fauns
  15 ugly things
  An oklob plant (Shoals:4)
  8 salamanders
  5 cyclopes
  A human zombie (Vaults:3)
  4 manticores
  3 merfolk sirens
  A spectral centaur (D:11)
  2 kobold blastminers (Orc:2)
  3 moths of wrath
  A water nymph (Shoals:4)
  4 elephants
  A rust devil (Abyss:2)
  2 vault sentinels (Vaults:1)
  11 black mambas
  7 naga magi
  5 cane toads
  2 smoke demons
  8 yaktaurs
  A rime drake (Lair:3)
  2 komodo dragons (Lair:1)
  3 trolls
  2 polar bears (D:14)
  9 merfolk
  A hellwing (Zot:5)
  4 wind drakes (Shoals:4)
  A glass eye (Slime:5)
  2 dream sheep (Lair:4)
  5 blink frogs
  A wraith (Lair:4)
  2 water elementals (Shoals:4)
  22 slime creatures
  27 yaks
  A hog (Lair:4)
  A steam dragon (D:5)
  A fire elemental (Elf:2)
  3 wargs
  A chaos spawn (D:7)
  A vampire mosquito (D:10)
  An elf zombie (Elf:2)
  2 redbacks (Vaults:3)
  22 nagas
  2 water moccasins
  8 orc warriors
  A meliai simulacrum (D:14)
  An ogre (Orc:1)
  An ice beast (D:14)
  4 boggarts
  4 wolves (Lair:2)
  A two-headed ogre simulacrum (IceCv)
  3 bullfrogs
  An earth elemental (Elf:1)
  A wight (D:9)
  A killer bee (Gauntlet)
  An electric eel (Snake:3)
  A hound (D:6)
  A jelly (D:6)
  3 orc priests
  A sleepcap (D:5)
  10 orc wizards
  A hell rat (Lair:3)
  3 gnolls (D:7)
  7 orc zombies (Bailey)
  An adder (D:6)
  A naga simulacrum (IceCv)
  A shadow imp (Gauntlet)
  A white imp (IceCv)
  2 ufetubi
  21 orcs
  2 kobolds
  2 goblins (D:9)
557 creatures vanquished.

Vanquished Creatures (others)
  A fire giant (Depths:2)
  A jelly zombie (Slime:5)
  A spectral tentacled monstrosity (Zot:5)
  A very ugly thing zombie (Depths:1)
  A quicksilver dragon zombie (Zot:5)
  2 acid blob zombies
  A sphinx zombie (Depths:4)
  8 Orb Guardian zombies (Zot:5)
  3 spectral protean progenitors
  An azure jelly zombie (Slime:1)
  A spectral dire elephant (Vaults:1)
  A spectral catoblepas (Lair:3)
  A storm dragon zombie (Zot:1)
  A spectral anaconda (Snake:4)
  A spectral hydra (Lair:3)
  2 spark wasp zombies (Depths:1)
  An anaconda zombie (Snake:4)
  A shadow dragon zombie (Depths:3)
  A ghost moth zombie (Zot:5)
  A spectral merfolk (Shoals:4)
  2 tengu zombies
  A deep elf pyromancer (Elf:3)
  A spectral naga (Snake:3)
  7 ugly thing zombies
  A fire giant zombie (Depths:2)
  A draconian zombie (Zot:2)
  4 spectral elves
  2 dire elephant zombies (Vaults:1)
  A dwarf zombie (Shoals:1)
  A formless jellyfish zombie (Vaults:4)
  A shock serpent zombie (Snake:2)
  3 mana viper zombies
  8 spriggan zombies
  A yellow draconian zombie (Zot:2)
  3 sea snake zombies
  A green draconian zombie (Zot:2)
  10 harpy zombies
  2 great orb of eyes zombies
  2 moth of wrath zombies
  4 ice dragon zombies
  3 guardian serpent zombies (Snake:3)
  A fire dragon zombie (Depths:4)
  A boulder beetle zombie (D:15)
  15 black mamba zombies
  12 slime creature zombies
  A wind drake zombie (Shoals:4)
  2 spectral ice devils (IceCv)
  6 salamander zombies
  9 deep troll zombies
  2 faun zombies (Shoals:1)
  5 merfolk zombies
  3 cane toad zombies
  2 spectral smoke demons (Zot:5)
  A spectral efreet (Abyss:2)
  A spectral polar bear (D:14)
  17 elf zombies
  4 elephant zombies (Lair:5)
  A blink frog zombie (Lair:5)
  A lindwurm zombie (Snake:4)
  8 human zombies
  2 hog zombies (Lair:4)
  A boggart (D:15)
  A dream sheep zombie (Lair:3)
  A spectral ynoxinul (Abyss:2)
  An apocalypse crab zombie (Abyss:2)
  3 yaktaur zombies
  A cyclops zombie (D:14)
  4 wyvern zombies (Lair:3)
  A spectral warg (Orc:1)
  6 water moccasin zombies
  2 troll zombies
  10 yak zombies
  A polar bear zombie (D:14)
  6 wolf zombies
  2 spectral centaurs (D:15)
  4 bullfrog zombies
  2 basilisk zombies (Lair:3)
  An orc priest (Orc:2)
  5 centaur zombies
  A boggart zombie (D:15)
  2 orc wizards (Orc:2)
  2 killer bee zombies (Gauntlet)
  An acid dragon zombie (D:9)
  31 naga zombies
  An ice beast zombie (D:14)
  2 ogre zombies
  A hound zombie (D:6)
  A howler monkey zombie (D:12)
  7 spectral orcs
  A white imp (D:5)
  A spectral iron imp (Abyss:2)
  2 spectral white imps
  An adder zombie (D:4)
  A gnoll zombie (D:7)
  2 goblin zombies (D:9)
  A hobgoblin zombie (D:4)
  5 kobold zombies
  35 orc zombies
  2 spectral ufetubi
  An aspiring flesh (Zot:5)
  6 foxfires (Abyss:2)
  A lurking horror (Abyss:2)
  2 starspawn tentacles (Abyss:2)
  12 tentacles (Shoals:3)
358 creatures vanquished.

Grand Total: 2500 creatures vanquished

Notes
Turn   | Place    | Note
-------+----------+-------------------------------------------
     0 | D:1      | 910rd the Draconian Shapeshifter began the quest for the
                  | Orb.
     0 | D:1      | Reached XP level 1. HP: 16/16 MP: 1/1
   291 | D:1      | Reached XP level 2. HP: 23/23 MP: 2/2
   311 | D:1      | Found a faded altar of an unknown god.
   950 | D:2      | Identified the +9 sling of Earthquakes {heavy, rElec rC-
                  | rN+ Dex+2}
  1162 | D:2      | Reached XP level 3. HP: 20/28 MP: 3/3
  1913 | D:3      | Found an ancient bone altar of Kikubaaqudgha.
  1938 | D:3      | Noticed a scorpion
  2114 | D:3      | Found Ethenlix's Armour Shoppe.
  2170 | D:3      | Reached XP level 4. HP: 32/35 MP: 4/4
  2365 | D:3      | Killed a scorpion
  2366 | D:3      | Reached skill level 5 in Shapeshifting
  2366 | D:3      | Reached XP level 5. HP: 40/40 MP: 5/5
  2611 | D:3      | Found an ornate altar of the Wu Jian Council.
  2867 | D:4      | Found a staircase to the Ecumenical Temple.
  2874 | Temple   | Entered the Ecumenical Temple
  2901 | Temple   | Became a worshipper of Yredelemnul the Fallen
  2961 | D:4      | Noticed Grinder
  3050 | D:4      | Paralysed by Grinder for 2 turns
  3053 | D:4      | Killed Grinder
  3054 | D:4      | Reached XP level 6. HP: 34/48 MP: 6/6
  3220 | D:4      | Found a sand-covered staircase.
  3221 | D:4      | Noticed Edmund
  3227 | Ossuary  | Entered an ossuary
  3227 | Ossuary  | Found a huge runed translucent gate.
  3227 | Ossuary  | Found a huge runed translucent gate.
  3227 | Ossuary  | Found a huge runed translucent gate.
  3227 | Ossuary  | Found a huge runed translucent gate.
  3227 | Ossuary  | Found a huge runed translucent gate.
  3227 | Ossuary  | Found a huge runed translucent gate.
  3227 | Ossuary  | Found a huge runed translucent gate.
  3227 | Ossuary  | Found a huge runed translucent gate.
  3227 | Ossuary  | Found a huge runed translucent gate.
  3228 | Ossuary  | Found a huge runed translucent gate.
  3228 | Ossuary  | Found a huge runed translucent gate.
  3229 | Ossuary  | Found a huge runed translucent gate.
  3229 | Ossuary  | Found a huge runed translucent gate.
  3231 | Ossuary  | Found a huge runed translucent gate.
  3231 | Ossuary  | Found a huge runed translucent gate.
  3233 | Ossuary  | Found a huge runed translucent gate.
  3233 | Ossuary  | Found a huge runed translucent gate.
  3233 | Ossuary  | Found a huge runed translucent gate.
  3233 | Ossuary  | Found a huge runed translucent gate.
  3233 | Ossuary  | Found a huge runed translucent gate.
  3254 | Ossuary  | Found a huge runed translucent gate.
  3254 | Ossuary  | Found a huge runed translucent gate.
  3256 | Ossuary  | Found a huge runed translucent gate.
  3256 | Ossuary  | Found a huge runed translucent gate.
  3257 | Ossuary  | Found a huge runed translucent gate.
  3257 | Ossuary  | Found a huge runed translucent gate.
  3258 | Ossuary  | Found a huge runed translucent gate.
  3258 | Ossuary  | Found a huge runed translucent gate.
  3339 | Ossuary  | Found a huge runed translucent gate.
  3339 | Ossuary  | Found a huge runed translucent gate.
  3340 | Ossuary  | Found a huge runed translucent gate.
  3340 | Ossuary  | Found a huge runed translucent gate.
  3340 | Ossuary  | Found a huge runed translucent gate.
  3340 | Ossuary  | Found a huge runed translucent gate.
  3340 | Ossuary  | Found a huge runed translucent gate.
  3367 | Ossuary  | Reached skill level 1 in Invocations
  3367 | Ossuary  | Your scales start taking on a fiery red colour.
  3367 | Ossuary  | Reached XP level 7. HP: 57/57 MP: 6/8
  3367 | Ossuary  | Gained mutation: Your flesh is heat resistant. (rF+) [Red
                  | Draconian growth]
  3501 | D:4      | Killed Edmund
  4411 | D:4      | Noticed Eustachio
  4422 | D:4      | Killed Eustachio
  4423 | D:4      | Reached XP level 8. HP: 64/64 MP: 10/10
  4579 | D:5      | Entered Level 5 of the Dungeon
  5100 | D:5      | Reached skill level 5 in Unarmed Combat
  5232 | D:5      | Noticed Menkaure
  5238 | D:5      | Killed Menkaure
  5389 | D:6      | 910rd: !timat
  5389 | D:6      | 910rd: !tiamat
  5389 | D:6      | beem: 910rd is not a tiamat player. Unwon draconians:
                  | Black, Yellow, White, Pale, Green, Red, Grey
  5556 | D:6      | Reached skill level 5 in Fighting
  5556 | D:6      | Reached skill level 5 in Invocations
  5563 | D:6      | Reached XP level 9. HP: 74/74 MP: 12/12
  5776 | D:6      | Reached skill level 5 in Dodging
  5843 | D:6      | Got Sif Muna's Secrets of Concerted Astrapomancy
  5923 | D:6      | Reached * piety under Yredelemnul
  6286 | D:6      | Found a bloodstained altar of Trog.
  6289 | D:6      | Found a snail-covered altar of Cheibriados.
  6293 | D:6      | Found a hazy altar of Hepliaklqana.
  6399 | D:7      | Found a burning altar of Makhleb.
  6457 | D:7      | Found Firyileu's Lightly-Used Armoury.
  6910 | D:7      | Noticed a gargoyle
  6919 | D:7      | Killed a gargoyle
  6980 | D:7      | Noticed Maggie
  6990 | D:7      | Killed Maggie
  7149 | D:8      | Found a white marble altar of Elyvilon.
  7164 | D:8      | Reached XP level 10. HP: 78/81 MP: 14/14
  7674 | D:8      | Noticed Grum
  7686 | D:8      | Killed Grum
  7695 | D:8      | Reached skill level 1 in Evocations
  8036 | D:9      | Found a large runed translucent door.
  8036 | D:9      | Found a large runed translucent door.
  8037 | D:9      | Found a flagged portal.
  8047 | Bailey   | Entered a bailey
  8071 | Bailey   | Noticed a gargoyle
  8078 | Bailey   | Killed a gargoyle
  8644 | D:9      | Reached ** piety under Yredelemnul
  9003 | D:9      | Found a large runed translucent door.
  9003 | D:9      | Noticed a two-headed ogre
  9027 | D:9      | Found a large runed translucent door.
  9061 | D:9      | Noticed a manticore
  9067 | D:9      | Noticed a centaur warrior
  9068 | D:9      | Killed a manticore
  9082 | D:9      | Killed a centaur warrior
  9083 | D:9      | Reached XP level 11. HP: 48/94 MP: 16/16
  9449 | D:9      | Killed a two-headed ogre
  9456 | D:9      | Reached skill level 10 in Shapeshifting
  9465 | D:9      | Identified the ring "Ufuagecw" {rC+ Str+6 Int+5 Dex-2}
  9603 | D:10     | Entered Level 10 of the Dungeon
 10073 | D:10     | Found Bocwydev's Tremendous Tomes.
 10147 | D:10     | Learned a level 1 spell: Sandblast
 10147 | D:10     | Found a staircase to the Orcish Mines.
 10170 | D:10     | Reached *** piety under Yredelemnul
 10386 | D:10     | Found a staircase to the Lair.
 10520 | Lair:1   | Entered Level 1 of the Lair of Beasts
 11118 | Lair:1   | Noticed an oklob plant
 11357 | Lair:1   | Killed an oklob plant
 11470 | Lair:2   | Reached XP level 12. HP: 87/106 MP: 18/18
 11476 | Lair:2   | Reached **** piety under Yredelemnul
 11477 | Lair:2   | Reached skill level 10 in Fighting
 11672 | Lair:2   | Noticed an eight-headed hydra
 11673 | Lair:2   | Found a staircase to the Snake Pit.
 11680 | Lair:2   | Killed an eight-headed hydra
 11680 | Lair:2   | Bound an eight-headed hydra
 11889 | Lair:2   | Noticed Gastronok
 11900 | Lair:2   | Killed Gastronok
 11928 | Lair:2   | Noticed Sonja
 11935 | Lair:2   | Killed Sonja
 12433 | Lair:2   | Noticed a catoblepas
 12439 | Lair:2   | Killed a catoblepas
 12439 | Lair:2   | Bound a catoblepas
 12614 | Lair:2   | Noticed an ice dragon
 12628 | Lair:2   | Killed an ice dragon
 12648 | Lair:2   | Identified the +0 orcbow of Tartarus {antimagic, rF+}
 12806 | Lair:2   | Found a staircase to the Shoals.
 13524 | Lair:3   | Noticed a five-headed hydra
 13538 | Lair:3   | Killed a five-headed hydra
 13539 | Lair:3   | Reached skill level 10 in Invocations
 13550 | Lair:3   | Reached skill level 10 in Unarmed Combat
 13890 | Lair:3   | Found an opulent altar of Gozag.
 14073 | Lair:3   | Reached XP level 13. HP: 88/116 MP: 20/20
 16134 | Orc:1    | Entered Level 1 of the Orcish Mines
 16199 | Orc:1    | Reached ***** piety under Yredelemnul
 16202 | Orc:1    | Found a frozen archway.
 16510 | IceCv    | Entered an ice cave
 16862 | IceCv    | Reached XP level 14. HP: 126/126 MP: 21/21
 17338 | IceCv    | Noticed a reaper
 17349 | IceCv    | Killed a reaper
 17771 | IceCv    | Identified the +0 helmet of the Equinox {rCorr Stlth+}
 18203 | Orc:2    | Entered Level 2 of the Orcish Mines
 18291 | Orc:1    | Learned a level 2 spell: Jinxbite
 18294 | Orc:1    | Learned a level 2 spell: Lesser Beckoning
 18311 | Orc:2    | Reached skill level 1 in Hexes
 18329 | Orc:2    | Reached skill level 5 in Evocations
 18336 | Orc:2    | Reached skill level 1 in Spellcasting
 18336 | Orc:2    | Reached skill level 1 in Conjurations
 18336 | Orc:2    | Reached skill level 1 in Earth Magic
 18384 | Orc:2    | Noticed an orc warlord
 18406 | Orc:2    | Killed an orc warlord
 18676 | Orc:2    | Found a roughly hewn altar of Beogh.
 18678 | Orc:2    | Paralysed by an ogre mage for 5 turns
 18704 | Orc:2    | Found Fois's Antique Armour Shoppe.
 18710 | Orc:2    | Found Ometry's General Store.
 18966 | Orc:2    | Found a roughly hewn altar of Beogh.
 19047 | Orc:2    | Found Daptel's Jewellery Shoppe.
 19080 | Orc:2    | Found a staircase to the Elven Halls.
 19102 | Orc:2    | Found Gyamasm's Antique Weapon Shoppe.
 19124 | Orc:2    | Bought a storm talisman for 960 gold pieces
 19266 | D:10     | Learned a level 3 spell: Stone Arrow
 19803 | D:11     | Found a runed translucent gate.
 19803 | D:11     | Found a runed translucent gate.
 19803 | D:11     | Found a runed translucent gate.
 19808 | D:11     | Noticed adelrune's ghost (journeyman DsFi)
 20350 | D:11     | Killed adelrune's ghost
 20716 | D:12     | Identified a scroll of acquirement
 21590 | D:13     | Reached skill level 15 in Shapeshifting
 21653 | D:13     | Found a gate leading to a gauntlet.
 21667 | Gauntlet | Entered a Gauntlet
 21667 | Gauntlet | Found a transporter.
 21667 | Gauntlet | Found a transporter.
 21676 | Gauntlet | Found a transporter.
 21679 | Gauntlet | Found a transporter.
 21685 | Gauntlet | Found a runed translucent gate.
 21687 | Gauntlet | Found a transporter.
 21688 | Gauntlet | Found a runed translucent gate.
 21689 | Gauntlet | Found a runed translucent gate.
 21691 | Gauntlet | Found a transporter.
 21699 | Gauntlet | Found a transporter.
 21714 | Gauntlet | Found a transporter.
 21718 | Gauntlet | Found a runed translucent door.
 21732 | Gauntlet | Found a transporter.
 21733 | Gauntlet | Found a transporter.
 21741 | Gauntlet | Found a transporter.
 21745 | Gauntlet | Found a transporter.
 22093 | Gauntlet | Identified the +1 helmet of Philately {rElec Int+3}
 22460 | Gauntlet | Found the +1 robe of Vines {NoPotionHeal Regen++++}
 22497 | Gauntlet | Got the Compilation of Gelid Shades
 22914 | D:13     | Reached XP level 15. HP: 64/132 MP: 22/22
 23319 | D:13     | Found a gate to the Vaults.
 24742 | D:14     | Learned a level 1 spell: Apportation
 24778 | D:15     | Entered Level 15 of the Dungeon
 25965 | D:15     | Found a staircase to the Depths.
 25965 | D:15     | Noticed a frost giant
 25968 | D:15     | Killed a frost giant
 26345 | Snake:1  | Entered Level 1 of the Snake Pit
 27394 | Snake:1  | Upgraded the game from 0.32-a0-711-g016ad743e0 to
                  | 0.32-a0-732-ga344392067
 27578 | Snake:2  | Found Deask's Assorted Antiques.
 27588 | Snake:2  | Found Ketzuf's Antique Armour Boutique.
 27707 | Snake:2  | Found Jufamm's Jewellery Shop.
 28155 | Snake:2  | Reached XP level 16. HP: 78/139 MP: 23/23
 28157 | Snake:2  | Reached ****** piety under Yredelemnul
 29457 | Snake:3  | HP: 3/166 [naga sharpshooter/bolt (18)]
 29918 | Snake:3  | Noticed Louise
 29924 | Snake:3  | Killed Louise
 29924 | Snake:3  | Bound Louise
 29943 | Snake:3  | Found Maridgh's Distillery.
 30024 | Snake:3  | Bought a potion of heal wounds for 60 gold pieces
 30024 | Snake:3  | Bought a potion of heal wounds for 60 gold pieces
 30536 | Snake:4  | Entered Level 4 of the Snake Pit
 30647 | Snake:4  | Found Haorchawe's General Store.
 30649 | Snake:4  | Found Ozuderao's General Store.
 30652 | Snake:4  | Found Kiawn's Assorted Antiques.
 30655 | Snake:4  | Acquired the ring of Summer {+Blink Will+}
 30657 | Snake:4  | Bought a scroll of acquirement for 676 gold pieces
 30657 | Snake:4  | Bought a potion of heal wounds for 65 gold pieces
 30662 | Snake:4  | Bought a potion of attraction for 87 gold pieces
 30662 | Snake:4  | Bought a potion of haste for 290 gold pieces
 30662 | Snake:4  | Bought a shiny opal ring for 145 gold pieces
 31587 | Snake:4  | Reached XP level 17. HP: 119/146 MP: 24/24
 32317 | Snake:4  | Got a serpentine rune of Zot
 32486 | Shoals:1 | Entered Level 1 of the Shoals
 32489 | Shoals:1 | Found a flickering gateway to a bazaar.
 32515 | Bazaar   | Entered a bazaar
 32521 | Bazaar   | Found Hiwarat's Magic Scroll Emporium.
 32521 | Bazaar   | Found Rifituk's Jewellery Shoppe.
 32532 | Bazaar   | Bought a scroll of blinking for 97 gold pieces
 32532 | Bazaar   | Bought a scroll of revelation for 97 gold pieces
 32532 | Bazaar   | Bought a scroll of revelation for 97 gold pieces
 32658 | Shoals:1 | Found a runed translucent gate.
 32658 | Shoals:1 | Found a runed translucent gate.
 32673 | Shoals:1 | Found a runed translucent gate.
 32678 | Shoals:1 | Noticed Frances
 32687 | Shoals:1 | Killed Frances
 32687 | Shoals:1 | Bound Frances
 32811 | Shoals:1 | Noticed Roxanne
 32844 | Shoals:1 | Killed Roxanne
 32961 | Shoals:1 | Noticed Jorgrun
 32967 | Shoals:1 | Killed Jorgrun
 33493 | Shoals:1 | Your ally Jorgrun died
 33587 | Shoals:2 | Identified the serpent talisman of Taklatz {*Slow rC- Int+2
                  | Dex+7}
 33587 | Shoals:2 | Noticed Aizul
 33594 | Shoals:2 | Killed Aizul
 33611 | Shoals:2 | Noticed Nikola
 33621 | Shoals:2 | Killed Nikola
 34208 | Shoals:3 | Found Xoerucw's Distillery.
 34290 | Shoals:3 | Noticed Polyphemus
 34298 | Shoals:3 | Killed Polyphemus
 34299 | Shoals:3 | Reached XP level 18. HP: 95/154 MP: 26/26
 35215 | Shoals:4 | Entered Level 4 of the Shoals
 35271 | Shoals:4 | Found Mesiasim's Assorted Antiques.
 35273 | Shoals:4 | Found Pewid's Jewellery Shoppe.
 35820 | Shoals:4 | Got Ithreden's Codex of Breezy Obstruction
 35958 | Shoals:4 | Got a barnacled rune of Zot
 36749 | Elf:1    | Entered Level 1 of the Elven Halls
 37203 | Elf:1    | Reached skill level 15 in Unarmed Combat
 37214 | Elf:1    | Got Jos Jusi's Handbook of Companions
 37953 | Elf:2    | Found a runed translucent gate.
 37953 | Elf:2    | Found a runed translucent gate.
 37953 | Elf:2    | Found a runed translucent gate.
 38067 | Elf:2    | Reached XP level 19. HP: 160/160 MP: 28/28
 38093 | Elf:2    | Reached skill level 5 in Conjurations
 38093 | Elf:2    | Reached skill level 5 in Earth Magic
 38157 | Elf:2    | Reached skill level 1 in Translocations
 38431 | Elf:2    | Found Sojiwis's General Store.
 38690 | Elf:3    | Entered Level 3 of the Elven Halls
 38725 | Elf:3    | Found a flickering gateway to a bazaar.
 38730 | Elf:3    | Found Byesiru's Magic Scroll Emporium.
 38751 | Elf:3    | Found Yterghiaff's Antique Weapon Shop.
 38785 | Bazaar   | Entered a bazaar
 38806 | Bazaar   | Found Ninkilue's Armour Emporium.
 38822 | Bazaar   | Found Dawulukh's Assorted Antiques.
 38822 | Bazaar   | Found Ryskasm's Magic Scroll Shoppe.
 38844 | Bazaar   | Found Qiobemax's Antique Weapon Emporium.
 38921 | Bazaar   | Acquired 343 gold pieces
 38926 | Bazaar   | Bought a scroll of acquirement for 676 gold pieces
 38927 | Bazaar   | Acquired 556 gold pieces
 39221 | Elf:3    | Your ally Frances died
 39676 | Elf:3    | Identified the +1 quarterstaff "Biph" {freeze, rCorr}
 39799 | Elf:3    | Identified the +1 war axe of Cukkirph {antimagic, rN+}
 39805 | Elf:3    | Found the +3 pair of gauntlets of War {Slay+5}
 39830 | Elf:3    | Reached skill level 10 in Dodging
 39863 | Elf:3    | Identified the +1 great mace "Oranenab" {venom, rElec
                  | rPois}
 39954 | Elf:3    | Identified the +0 pair of boots "Xocalo" {rPois}
 40068 | Elf:3    | Identified the +8 fire dragon scales "Gephyzar" {+Inv rPois
                  | rF++ rC-}
 40159 | Elf:3    | Bought a scroll of blinking for 112 gold pieces
 40221 | Elf:2    | Bought a scroll of blinking for 135 gold pieces
 40221 | Elf:2    | Bought a scroll of immolation for 72 gold pieces
 40498 | Vaults:1 | Entered Level 1 of the Vaults
 40750 | Vaults:1 | Reached skill level 5 in Translocations
 41039 | Vaults:1 | Identified the ring of the Marlin {Fire rElec Int+4 Slay+3}
 41293 | Vaults:1 | Noticed Norris
 41499 | Vaults:1 | Killed Norris
 41685 | Vaults:1 | Found Xolia's Book Emporium.
 42242 | Depths:1 | Entered Level 1 of the Depths
 42965 | Vaults:2 | Found Zemnur's Weapon Shoppe.
 43035 | Vaults:2 | Reached XP level 20. HP: 176/176 MP: 29/29
 43187 | Abyss:2  | Cast into level 2 of the Abyss (orc warlord)
 43235 | Abyss:2  | Noticed a profane servitor
 43396 | Abyss:2  | Noticed an ancient lich
 43405 | Abyss:2  | Killed an ancient lich
 43460 | Abyss:2  | Noticed a profane servitor
 43477 | Abyss:2  | Reached skill level 15 in Fighting
 43480 | Abyss:2  | Killed a profane servitor
 43568 | Abyss:2  | Found a corrupted altar of Lugonu.
 43606 | Abyss:2  | Found a corrupted altar of Lugonu.
 43715 | Vaults:2 | Escaped the Abyss
 44006 | Vaults:2 | Found a runed translucent gate.
 44006 | Vaults:2 | Found a runed translucent gate.
 44006 | Vaults:2 | Found a runed translucent gate.
 44010 | Vaults:2 | Noticed Plog's ghost (veteran CoAr)
 44010 | Vaults:2 | Identified the ring "Mimuhu" {rPois Will+ MP+9}
 44899 | Vaults:3 | Identified the +5 trident "Voizapol" {antimagic, Dex+3}
 45122 | Vaults:3 | Found Iqugeik's Distillery.
 45410 | Vaults:3 | Found Xuar Memm's Book Shop.
 45771 | Vaults:3 | Found Amulurus's Assorted Antiques.
 45785 | Vaults:3 | Found Bukhly Hycu's Antique Armour Boutique.
 45798 | Vaults:3 | Found Wibaf's Magic Scroll Shop.
 45875 | Vaults:3 | Found Qoliruics's General Store.
 46071 | Vaults:3 | Reached XP level 21. HP: 184/184 MP: 30/30
 46078 | Vaults:3 | Found a staircase to the Crypt.
 46532 | Vaults:4 | Identified the orb of Knowledge {light, rF+ Str+2}
 46532 | Vaults:4 | Noticed Frederick
 46540 | Vaults:4 | Killed Frederick
 46540 | Vaults:4 | Bound Frederick
 46563 | Vaults:4 | Found a magical portal.
 46576 | WizLab   | Entered Wucad Mu's Monastery
 46720 | WizLab   | Found the crystal ball of Wucad Mu {*channel}
 46755 | WizLab   | Reached XP level 22. HP: 192/192 MP: 31/31
 46988 | Vaults:4 | Learned a level 4 spell: Passage of Golubria
 47213 | Vaults:4 | Found Ytuptaymn's Weapon Emporium.
 47224 | Vaults:4 | Noticed Xtahua
 47233 | Vaults:4 | Killed Xtahua
 47299 | Vaults:4 | Identified the +3 robe "Hosaph" {rCorr}
 47299 | Vaults:4 | Noticed Boris
 47311 | Vaults:4 | Killed Boris
 47522 | Vaults:4 | Found Ussuhod's Jewellery Emporium.
 47667 | Vaults:4 | Noticed Mennas
 47682 | Vaults:4 | Killed Mennas
 47835 | Vaults:4 | Found Tisiashi's Armour Boutique.
 47992 | Vaults:4 | Learned a level 4 spell: Manifold Assault
 48352 | Depths:1 | Found a one-way gate leading to the halls of Pandemonium.
 48402 | Depths:1 | Noticed Asterion
 48410 | Depths:1 | Killed Asterion
 48411 | Depths:1 | Reached skill level 5 in Spellcasting
 48439 | Depths:1 | Found a basalt altar of Yredelemnul.
 48692 | Depths:1 | Found a gateway to Hell.
 48925 | Depths:1 | Found a blossoming altar of Fedhas.
 49055 | Depths:1 | Found a runed translucent door.
 49289 | Depths:1 | Noticed a golden dragon
 49325 | Depths:1 | Killed a golden dragon
 49385 | Depths:1 | Identified the amulet of the Archfiend {-Tele rPois
                  | RegenMP+ Dex+2}
 49829 | Depths:1 | Reached skill level 10 in Translocations
 49969 | Depths:2 | Identified the ring "Wiyseg" {rN+ Int+3}
 50259 | D:13     | Upgraded the game from 0.32-a0-732-ga344392067 to
                  | 0.32-a0-747-gc8563f6773
 50812 | Depths:2 | Reached XP level 23. HP: 167/194 MP: 6/33
 51186 | Depths:2 | Reached skill level 1 in Alchemy
 51189 | Depths:2 | Noticed a caustic shrike
 51197 | Depths:2 | Killed a caustic shrike
 51424 | Depths:2 | Found the ring of the Mage {Wiz Archmagi}
 51430 | Depths:2 | Identified the +3 trident "Widowermaker" {spect, rPois
                  | Str+3}
 51561 | Depths:2 | Identified the +3 buckler of Wisugayth {rF- Will- Int+8}
 51868 | Depths:2 | Found Faysag's Jewellery Shop.
 51899 | Depths:2 | Found Humyacka's Armour Shoppe.
 52458 | Depths:2 | HP: 1/306 [ice dragon/blast of cold (38)]
 52702 | Depths:2 | Found Faysag's Jewellery Shop.
 52732 | Depths:2 | Found Humyacka's Armour Shoppe.
 53026 | Depths:3 | Found a one-way gate to the infinite horrors of the Abyss.
 53033 | Depths:3 | Reached skill level 5 in Alchemy
 53740 | Depths:3 | Found a snail-covered altar of Cheibriados.
 53839 | Depths:3 | Learned a level 4 spell: Olgreb's Toxic Radiance
 54150 | Depths:3 | Reached skill level 1 in Fire Magic
 54156 | Depths:3 | Noticed a dread lich
 54161 | Depths:3 | Killed a dread lich
 54325 | Depths:3 | Identified the ring "Qysh" {rC+ Str+4}
 54328 | Depths:3 | Reached skill level 5 in Fire Magic
 54353 | Depths:3 | Noticed a juggernaut
 54362 | Depths:3 | Killed a juggernaut
 54456 | Depths:3 | Identified the +12 quarterstaff "Buwkaply" {vamp, *Slow
                  | rPois Will+ Str+2 Dex-5}
 54457 | Depths:3 | Identified the +2 hand axe of Indomitability {protect,
                  | rCorr Dex+3}
 54639 | Depths:4 | Entered Level 4 of the Depths
 54806 | Depths:4 | Found a one-way gateway to a ziggurat.
 55151 | Depths:4 | Noticed the Enchantress
 55159 | Depths:4 | Killed the Enchantress
 55474 | Depths:4 | Found a gate to the Realm of Zot.
 55897 | Depths:4 | Reached XP level 24. HP: 221/221 MP: 15/34
 56656 | Depths:3 | Identified the +9 quarterstaff "Efoocy" {drain, *Rage rPois
                  | Str+7}
 56940 | Lair:4   | Noticed Kirke
 56950 | Lair:4   | Killed Kirke
 57097 | Lair:4   | Reached skill level 10 in Evocations
 57211 | Lair:4   | Noticed Josephine
 57218 | Lair:4   | Killed Josephine
 57585 | Lair:4   | Found a snail-covered altar of Cheibriados.
 57690 | Lair:4   | Noticed Urug
 57696 | Lair:4   | Killed Urug
 58285 | Lair:5   | Entered Level 5 of the Lair of Beasts
 58285 | Lair:5   | Found a viscous altar of Jiyva.
 58285 | Lair:5   | Found a staircase to the Slime Pits.
 58294 | Lair:5   | Reached skill level 15 in Invocations
 58810 | Lair:5   | Acquired 1059 gold pieces
 59632 | Slime:1  | Entered Level 1 of the Pits of Slime
 60305 | Slime:5  | Entered Level 5 of the Pits of Slime
 60675 | Slime:5  | Found the +10 morningstar "Eos" {elec, Halo rElec}
 60675 | Slime:5  | Found the +8 arc blade {discharge, rElec}
 60710 | Slime:5  | Upgraded the game from 0.32-a0-747-gc8563f6773 to
                  | 0.32-a0-768-g0f6f1dd4b9
 60774 | Slime:5  | Noticed the Royal Jelly
 60788 | Slime:5  | Killed the Royal Jelly
 60807 | Slime:5  | Found the +8 autumn katana {manifold assault}
 60850 | Slime:5  | Identified the amulet "Kesuuz" {Reflect Int+4 Slay+2 SH+5}
 60935 | Slime:5  | Got a slimy rune of Zot
 60936 | Slime:5  | Identified the ring "Cutim" {Fly Will+ EV+5 Stlth+}
 61038 | Slime:5  | Identified the amulet of Xom's Bemusement {Spirit rPois rF+
                  | Int-4 Dex+3}
 61266 | Slime:5  | Your ally the Royal Jelly died
 61310 | Slime:5  | Identified the staff "Ixogabb" {*Slow rElec rN+ SInv Air}
 62055 | Vaults:3 | Bought a potion of magic for 112 gold pieces
 62055 | Vaults:3 | Bought a potion of magic for 112 gold pieces
 62055 | Vaults:3 | Bought a potion of heal wounds for 70 gold pieces
 62055 | Vaults:3 | Bought a potion of haste for 140 gold pieces
 62318 | Snake:4  | Bought a scroll of immolation for 64 gold pieces
 62320 | Snake:4  | Bought a potion of might for 52 gold pieces
 62429 | Shoals:3 | Bought a potion of heal wounds for 80 gold pieces
 62429 | Shoals:3 | Bought a potion of heal wounds for 80 gold pieces
 62546 | Snake:3  | Bought a potion of haste for 120 gold pieces
 62823 | Vaults:3 | Bought a potion of resistance for 140 gold pieces
 63069 | Orc:2    | Bought a scroll of revelation for 127 gold pieces
 63231 | Snake:2  | Bought the ring of Adant {rC+ rCorr Int+3} for 443 gold
                  | pieces
 63491 | Vaults:3 | Bought a scroll of butterflies for 48 gold pieces
 63534 | Vaults:3 | Bought a potion of might for 60 gold pieces
 63793 | Snake:3  | Bought a potion of enlightenment for 60 gold pieces
 63793 | Snake:3  | Bought a potion of brilliance for 48 gold pieces
 63910 | Shoals:3 | Bought a potion of brilliance for 64 gold pieces
 63911 | Shoals:3 | hattop: Tips for DrSH?
 63911 | Shoals:3 | 910rd: You need to get luckyish with talismans
 63911 | Shoals:3 | 910rd: but I rush lvl7 on shapeshifts
 63911 | Shoals:3 | 910rd: once you get flux online, its smooth sailing for a
                  | while
 63911 | Shoals:3 | 910rd: I am liberal with using the breath weapon when I
                  | feel threatned in the early game
 63911 | Shoals:3 | 910rd: a summons god isn't the best but I wanted to try new
                  | yred
 63911 | Shoals:3 | 910rd: thanks for coming to my ted talk :P
 63911 | Shoals:3 | hattop: thanks
 63911 | Shoals:3 | hattop: I think new yred is better for sure
 63911 | Shoals:3 | 910rd: yeah bound soul/chains is nice
 63911 | Shoals:3 | 910rd: but also high level zombies let you make space
 63911 | Shoals:3 | 910rd: sometimes they just solo
 63911 | Shoals:3 | 910rd: i will do zot later, cya!
 63911 | Shoals:3 | hattop: cya!
 64350 | Vaults:2 | Killed Plog's ghost
 64371 | Vaults:2 | Identified the +1 cloak of Sicaur {rElec rC+ rN+ MP-9}
 64481 | Vaults:3 | Bought a pair of translucent gloves for 323 gold pieces
 64481 | Vaults:3 | Identified the +0 pair of gloves of Wosmi {rC+ Dex+2} (You
                  | bought it in a shop on level 3 of the Vaults)
 64971 | Vaults:1 | Bought an Everburning Encyclopedia for 570 gold pieces
 64976 | Vaults:1 | Learned a level 4 spell: Ignite Poison
 64976 | Vaults:1 | Bought the Volume of Quantum Silt for 690 gold pieces
 64983 | Vaults:1 | Learned a level 6 spell: Dispersal
 65183 | Zot:1    | Entered Level 1 of the Realm of Zot
 65250 | Zot:2    | Reached XP level 25. HP: 235/235 MP: 18/34
 66152 | Elf:2    | Bought a wand of digging (6) for 453 gold pieces
 66849 | Zot:5    | Entered Level 5 of the Realm of Zot
 66850 | Zot:5    | Noticed a Killer Klown
 66864 | Zot:5    | Noticed an orb of fire
 66870 | Zot:5    | Gained mutation: Your magical capacity is low. (-10% MP)
                  | [an orb of fire]
 66873 | Zot:5    | Killed an orb of fire
 67373 | Zot:5    | Killed a Killer Klown
 67375 | Zot:5    | Noticed an ancient lich
 67385 | Zot:5    | Killed an ancient lich
 67386 | Zot:5    | Noticed an orb of fire
 67386 | Zot:5    | Noticed an orb of fire
 67387 | Zot:5    | Noticed a Killer Klown
 67408 | Zot:5    | Reached skill level 15 in Dodging
 67410 | Zot:5    | Gained mutation: You are weak. (Str -2) [an orb of fire]
 67413 | Zot:5    | Killed an orb of fire
 67415 | Zot:5    | Killed an orb of fire
 67644 | Zot:5    | Noticed an ancient lich
 67649 | Zot:5    | Killed an ancient lich
 67654 | Zot:5    | Noticed an orb of fire
 67655 | Zot:5    | Killed a Killer Klown
 67656 | Zot:5    | Noticed an ancient lich
 67657 | Zot:5    | Noticed a dread lich
 67663 | Zot:5    | Killed an orb of fire
 67667 | Zot:5    | Killed an ancient lich
 67670 | Zot:5    | Killed a dread lich
 67700 | Zot:5    | Noticed an orb of fire
 67701 | Zot:5    | Gained mutation: Your health recovers twice as slowly from
                  | being drained. [an orb of fire]
 67708 | Zot:5    | Killed an orb of fire
 67753 | Zot:5    | Noticed an orb of fire
 67758 | Zot:5    | Gained mutation: You have hidden genetic defects. [an orb
                  | of fire]
 67761 | Zot:5    | Killed an orb of fire
 67800 | Zot:5    | Noticed a Killer Klown
 67804 | Zot:5    | Killed a Killer Klown
 67961 | Zot:5    | Noticed a dread lich
 67965 | Zot:5    | Killed a dread lich
 68021 | Zot:5    | Reached XP level 26. HP: 248/248 MP: 31/31
 68092 | Zot:5    | Noticed an orb of fire
 68093 | Zot:5    | Gained mutation: Your spells are a little harder to cast,
                  | but a little more powerful. [an orb of fire]
 68098 | Zot:5    | Killed an orb of fire
 68129 | Zot:5    | Gained mutation: Your body sometimes deteriorates upon
                  | taking damage. [hidden defects]
 68157 | Zot:5    | Got the Orb of Zot
 68465 | Depths:1 | Noticed Loirocit the pandemonium lord
 68469 | Depths:1 | Killed Loirocit the pandemonium lord
 68739 | D:$      | Escaped with the Orb!

Illustrated notes

Levels and vault maps discovered:
D:1:      eino_arrival_water_star, layout_basic,
          shapermc_ecumenical_altar_notcrosses
D:2:      layout_basic, serial_forest, infiniplex_forest_clump_double,
          infiniplex_forest_lined_2, infiniplex_forest_end_double,
          infiniplex_forest_fountain, infiniplex_forest_lined_2,
          infiniplex_forest_end_double, infiniplex_forest_clump_C,
          infiniplex_forest_lined_4_way, infiniplex_forest_end_3,
          infiniplex_forest_end_2, hangedman_feature_mirror,
          kennysheep_nondescript, st_stairs_1
D:3:      layout_loops_corners, kiku_gazebo_garden_becter,
          nzn_wu_jian_council_hall, serial_shops, shop, serial_bayou_pond_b,
          minmay_misc_feat_room
D:4:      wad_pebble_path, layout_layer_cave, minmay_temple_entry_ruins,
          enter_ossuary_4, dreamdust_wishing_well, uniq_grinder, uniq_edmund,
          uniq_eustachio
D:5:      nicolae_cairo_tiling, layout_loops_ring, uniq_menkaure
D:6:      minmay_recursive_quarters, layout_loops_ring,
          grunt_temple_overflow_diamond
D:7:      layout_basic, lightli_temple_of_fire, minmay_shop_damaged,
          feat_on_display, uniq_maggie
D:8:      layout_basic, mainiacjoe_overflow_concentric_impassable,
          serial_aquarium, aquarium_bridge_island_small
          [aquarium_subvault_small_open, aquarium_subvault_wall,
          aquarium_subvault_bridge, aquarium_subvault_bridge,
          aquarium_subvault_wall], aquarium_window_3, aquarium_window_fake,
          aquarium_window_1, aquarium_window_fake, aquarium_view_2f, uniq_grum
D:9:      layout_cave_pools, enter_bailey_5, minmay_hollow_rounded_squares
D:10:     layout_roguey, hellmonk_lair_entry_icy, orc_0_dummy,
          nicolae_shop_i_like_big_books
D:11:     layout_basic, gammafunk_ghost_necromancy
D:12:     layout_irregular_city
D:13:     layout_cave_pods, david_vaults_4, gauntlet_entry_generic
D:14:     layout_cave_pools, nicolae_figureground_pulse, serial_ice,
          serial_ice_b, serial_ice_j, serial_ice_e, serial_ice_o, serial_ice_h,
          serial_ice_a, serial_ice_m, serial_ice_g, serial_ice_n, serial_ice_c,
          st_stairs_4
D:15:     grunt_enter_depths_snipers, layout_irregular_city
Temple:   regret_index_temple_waves
Lair:1:   layout_hall_layers
Lair:2:   dragon1_lemuel, layout_regular_city, nicolae_shoals_entry_flooding,
          minmay_snake_entry_guardpost_small, grunt_megastairs_1,
          uniq_gastronok, uniq_sonja
Lair:3:   nzn_winding_woodlands_huge [nzn_winding_woodlands_5x15_sidewinder,
          nzn_winding_woodlands_5x15_twine,
          nzn_winding_woodlands_5x15_lazy_stream,
          nzn_winding_woodlands_5x15_pathside_ponds,
          nzn_winding_woodlands_5x15_garden, nzn_winding_woodlands_5x15_parted,
          nzn_winding_woodlands_5x15_river_crossing,
          nzn_winding_woodlands_5x15_cabin, nzn_winding_woodlands_5x15_pockets,
          nzn_winding_woodlands_5x15_longhouse,
          nzn_winding_woodlands_center_triple_pond,
          nzn_winding_woodlands_center_garden,
          nzn_winding_woodlands_15x15_five_gardens], layout_chaotic_city,
          basic_altar, nicolae_quartered_pool_medium
Lair:4:   layout_layer_cave, lemuel_centaur_altar, infiniplex_staircase_pool,
          uniq_urug, uniq_kirke, uniq_josephine
Lair:5:   evilmike_catoblepas_cave, layout_cellular_growth, slime_entry_1,
          grunt_megastairs_2
Shoals:1: layout_shoals, serial_shops, bzr_entry_customers,
          nicolae_shoals_beach_cooler, uniq_frances, uniq_roxanne, uniq_jorgrun
Shoals:2: layout_shoals, abandoned_shop, uniq_nikola, uniq_aizul
Shoals:3: layout_shoals, serial_shops, shop, st_shoals_ruin, uniq_polyphemus
Shoals:4: shoals_end_grunt_ice, layout_shoals, serial_shops, shop, shop,
          nicolae_shoals_this_corrosion
Snake:1:  layout_onion
Snake:2:  layout_concentric_octagons, serial_shops, shop, shop, shop,
          serial_library_regret_index_split_case
Snake:3:  nicolae_snake_crotalidae_crossing, layout_cave_town, serial_shops,
          shop, nicolae_snake_gridmaze_zigzag, serial_bayou_shore_a, uniq_louise
Snake:4:  snake_pit_salamanders_mu, layout_misc_corridors,
          corexii_hall_statues_x, minmay_shop_star
Slime:1:  layout_caves
Slime:2:  layout_caves
Slime:3:  layout_caves
Slime:4:  layout_caves
Slime:5:  slime_pit_nicolae_inversion
Orc:1:    layout_diamond_mine, portal_ice_cave_rime
Orc:2:    grunt_orc_cross, layout_caves, basic_altar, blackcustard_rock_pile
Elf:1:    layout_loops_corners, minmay_elf_demonology
Elf:2:    nicolae_elf_blades_splatter_lattice [nooodl_blade_entry_preview],
          layout_onion_city, serial_shops, shop
Elf:3:    grunt_elf_hall_diamonds, layout_geoelf_octagon, serial_shops,
          bzr_entry_dummy, shop, shop, nicolae_twisty_statue_hallways
Vaults:1: nicolae_vaults_tangram_1, vaults_room_door_ring,
          nicolae_vaults_closet_pinwheel_2, nicolae_vaults_sesquioval_fish,
          ontoclasm_vaults_decontamination, ontoclasm_vaults_claustrophobia,
          ontoclasm_vaults_twist, nicolae_vaults_apartment_1,
          ontoclasm_vaults_pinch, vaults_dpeg_diagonal, vaults_mumra_chevron,
          nicolae_vaults_little_squares_4, nicolae_vaults_tetromino_L_2,
          vaults_dpeg_emergency_exit, layout_vaults_chaotic_city, serial_shops,
          shop, uniq_norris
Vaults:2: gammafunk_ghost_tricky_traps, nicolae_vaults_closet_pinwheel_6,
          vaults_room_large_hall, nicolae_vaults_six-pack,
          nicolae_vaults_taking_the_gang_shopping, minmay_orc_keep,
          ontoclasm_vaults_fault, layout_vaults_omnigrid
Vaults:3: nicolae_vaults_arrows, nicolae_vaults_back_hallway,
          vaults_room_mumra_shop_pool, nicolae_vaults_whirlpool_walls,
          nicolae_vaults_more_shelving_2, nicolae_vaults_oval_intersection,
          v_misc_24, hangedman_vaults_capsules, v_misc_25, vaults_room_fours,
          minmay_crypt_entry_skeletal_spiral,
          nicolae_vaults_storage_room_statues, nicolae_vaults_apartment_2,
          nicolae_vaults_heart-shaped_vault, layout_vaults_maze_snakey,
          serial_shops, nicolae_shop_behind_doors, shop,
          nicolae_shop_hallway_plus, shop, shop
Vaults:4: mu_enter_wizlab_4, vaults_room_semicircle, v_misc_3,
          hangedman_vaults_trim, nicolae_vaults_three_branches, v_alt_pattern_1,
          ontoclasm_vaults_gateway, st_smaller_cells, nicolae_vaults_rhombus_6,
          nicolae_vaults_storage_room_glass, layout_vaults_omnicross,
          serial_shops, nicolae_shop_back_alley_shop,
          nicolae_shop_tiny_statue_garden, shop_statue, uniq_mennas, uniq_boris,
          uniq_xtahua, uniq_frederick
Depths:1: minmay_the_grid_triangle_9x9_recursive_3
          [minmay_the_grid_triangle_9x9_subtriangle,
          minmay_the_grid_triangle_9x9_warning,
          minmay_the_grid_triangle_9x9_stretched_checkered,
          minmay_the_grid_triangle_9x9_prize_top_heavy,
          minmay_the_grid_triangle_9x9_corrupted_corridor,
          minmay_the_grid_triangle_9x9_intruding_spiral,
          minmay_the_grid_triangle_9x9_zippers_horizontal,
          minmay_the_grid_triangle_9x9_longest,
          minmay_the_grid_triangle_9x9_shrine], layout_small_grid,
          chequers_serial_rivers_room_b, hell_entry, pan_entry,
          grunt_decor_resistance, lemuel_zombie_altar_yredelemnul, uniq_asterion
Depths:2: evilmike_diamond_2, layout_honeycomb, grunt_pan_entry_spiral,
          hell_entry, nicolae_zig_zag_zippers, serial_shops, nicolae_shop_trees,
          minmay_shop_enchanted_jewellery, minmay_checkered_concentric_circles
Depths:3: minmay_tearing_corner, layout_cave_pools,
          nicolae_abyss_entry_one_way_or_another, grunt_metal_band,
          minmay_misc_feat_ornament, slow_altar_2,
          infiniplex_staircase_door_maze, firewood_loft, serial_bayou_shore_b
Depths:4: grunt_crosshair, layout_cave_shapes, enter_ziggurat_c, serial_rivers,
          chequers_serial_rivers_micro_c, chequers_serial_rivers_room_a,
          chequers_serial_rivers_micro_c, chequers_serial_rivers_micro_e,
          chequers_serial_rivers_small_b, chequers_serial_rivers_small_b,
          serial_sigils_hangedman_shear, hell_entry, eino_tiny_chamber,
          infiniplex_staircase_pool_lava, grunt_megastairs_4, uniq_enchantress,
          uniq_josephina
Zot:1:    layout_onion_interference, hangedman_zot_decor_unnerving_road,
          grunt_megastairs_5
Zot:2:    layout_basic, ebering_ghost_xom, st_stairs_4,
          kennysheep_underground_church, regret_index_zotdec_banners
Zot:3:    layout_gridlike
Zot:4:    gammafunk_sealed_library, layout_concentric_octagons,
          regret_index_zotdec_twisting_globes
Zot:5:    layout_concentric_octagons

Skill      XL: |  1  2  3  4  5  6  7  8  9 10 11 12 13 14 15 16 17 18 19 20 21 22 23 24 25 26 |
---------------+-------------------------------------------------------------------------------+-----
Shapeshifting  | 4 5 7 8 9 11 12 14 15 18 21 23 | 23.0
Fighting       | 3 5 8 9 11 12 14 15 19 21 22 23 | 23.0
Invocations    | 1 3 5 6 7 9 10 11 12 14 15 16 17 | 17.4
Dodging        | 3 4 5 6 9 11 12 14 15 | 15.0
Unarmed Combat | 5 8 10 12 15 17 18 | 18.0
Evocations     | 3 5 6 9 12 14 | 14.0
Hexes          | 1 3 |  3.0
Spellcasting   | 3 4 5 |  5.0
Conjurations   | 4 5 |  5.0
Earth Magic    | 4 5 |  5.0
Translocations | 5 7 11 12 14 | 14.0
Alchemy        | 8 |  8.0
Fire Magic     | 6 |  6.0

Action                     |  1- 3 |  4- 6 |  7- 9 | 10-12 | 13-15 | 16-18 | 19-21 | 22-24 | 25-27 || total
---------------------------+-------+-------+-------+-------+-------+-------+-------+-------+-------++-------
  Melee: Unarmed           |   117 |    98 |   312 |   575 |   906 |   662 |   678 |  1026 |   223 ||  4597
         Tailslap          |    15 |    12 |    63 |   102 |   167 |     7 |    26 |    35 |    17 ||   444
         Punch             |     3 |     1 |       |       |    64 |    43 |    75 |    90 |    20 ||   296
         Constrict         |       |       |       |    41 |     7 |    19 |       |       |       ||    67
         Maw               |       |       |       |       |   181 |       |    15 |       |       ||   196
         Bite              |       |       |       |       |       |       |       |    26 |    11 ||    37
  Throw: Dart              |       |     4 |       |       |       |       |       |       |       ||     4
         Javelin           |       |       |       |       |       |       |     4 |       |       ||     4
   Cast: Jinxbite          |       |       |       |       |    10 |     2 |       |       |       ||    12
         Stone Arrow       |       |       |       |       |     7 |     8 |       |       |       ||    15
         Lesser Beckoning  |       |       |       |       |     1 |       |       |     1 |     2 ||     4
         Manifold Assault  |       |       |       |       |       |       |       |   208 |    64 ||   272
         Olgreb's Toxic Ra |       |       |       |       |       |       |       |     8 |       ||     8
         Apportation       |       |       |       |       |       |       |       |     1 |       ||     1
 Invoke: Light the Black T |       |     1 |     3 |     7 |     9 |     8 |     3 |     8 |     2 ||    41
         Recall Undead Har |       |       |       |     1 |     2 |     5 |     4 |    20 |    12 ||    44
         Bind Soul         |       |       |       |     2 |     1 |     5 |     6 |       |       ||    14
         Hurl Torchlight   |       |       |       |     1 |     5 |     1 |     1 |       |       ||     8
         Fathomless Shackl |       |       |       |       |     1 |     1 |       |       |       ||     2
Ability: Combustion Breath |       |       |       |     1 |     6 |       |       |     2 |     1 ||    10
         Blinkbolt         |       |       |       |       |     1 |     6 |     5 |     3 |       ||    15
  Evoke: Wand              |       |       |       |     2 |     4 |     6 |     2 |     1 |     7 ||    22
         Box of beasts     |       |       |       |     1 |     1 |     1 |       |     1 |     1 ||     5
         Phial of floods   |       |       |       |       |       |     1 |     1 |       |       ||     2
         Phantom mirror    |       |       |       |       |       |       |       |     1 |     1 ||     2
    Use: Scroll            |       |    11 |     4 |     7 |    11 |    11 |     7 |     8 |     7 ||    66
         Potion            |       |     3 |       |     2 |     2 |     7 |     6 |     3 |    31 ||    54
   Stab: Sleeping          |     2 |     1 |       |       |       |       |     1 |       |       ||     4
         Distracted        |       |       |     4 |     5 |     9 |     8 |     7 |    10 |     4 ||    47
         Petrified         |       |       |       |    26 |     6 |       |       |       |       ||    32
         Petrifying        |       |       |       |     2 |     1 |       |       |       |       ||     3
         Paralysed         |       |       |       |       |       |     1 |       |       |     2 ||     3
 Armour: Skin              |    60 |    54 |   116 |   356 |   705 |   504 |   505 |   487 |   214 ||  3001
  Dodge: Dodged            |    82 |    49 |   260 |   555 |   800 |   722 |   653 |   634 |    54 ||  3809
   Form: Beast             |     5 |       |       |       |       |       |       |       |       ||     5
                           |     3 |     1 |     1 |       |       |       |       |       |       ||     5
         Flux              |     2 |     2 |     1 |     2 |       |       |       |       |       ||     7
         Serpent           |       |       |       |     2 |     3 |     1 |       |       |       ||     6
         Maw               |       |       |       |       |     6 |     1 |     3 |       |       ||    10
         Storm             |       |       |       |       |     7 |     3 |     5 |     2 |       ||    17
         Blade             |       |       |       |       |     2 |       |       |       |       ||     2
         Statue            |       |       |       |       |       |     2 |     3 |       |       ||     5
         Dragon            |       |       |       |       |       |       |       |     4 |       ||     4
         Death             |       |       |       |       |       |       |       |     2 |       ||     2

Table legend: (Time is in decaauts)
 A = Elapsed time spent in this place.
 B = Non-inter-level travel time spent in this place.
 C = Inter-level travel time spent in this place.
 D = Time resting spent in this place.
 E = Time spent auto-exploring this place.
 F = Levels seen in this place.
 G = Mean time per level.
                   A        B        C        D        E       F      G
               +--------+--------+--------+--------+--------+-----+--------+
         Total |  70686 |  60203 |  10483 |   9746 |  35273 |  60 | 1178.1 |
       Dungeon |  18873 |  14738 |   4135 |    808 |  11081 |  15 | 1258.2 |
        Temple |     54 |      2 |     52 |      0 |      0 |   1 |   54.0 |
          Lair |   9137 |   7902 |   1235 |    714 |   5963 |   5 | 1827.4 |
        Shoals |   4447 |   3937 |    510 |    295 |   2341 |   4 | 1111.8 |
     Snake Pit |   6102 |   5360 |    742 |   1710 |   1815 |   4 | 1525.5 |
    Slime Pits |   2061 |   1935 |    126 |    620 |    518 |   5 |  412.2 |
  Orcish Mines |   1992 |   1628 |    364 |     62 |    928 |   2 |  996.0 |
   Elven Halls |   4858 |   4265 |    593 |    494 |   2682 |   3 | 1619.3 |
        Vaults |   8040 |   6528 |   1512 |    883 |   4091 |   4 | 2010.0 |
        Depths |   8470 |   7390 |   1080 |   1402 |   4604 |   4 | 2117.5 |
           Zot |   2413 |   2281 |    132 |   1092 |    393 |   5 |  482.6 |
         Abyss |    510 |    510 |      0 |    184 |     44 |   1 |  510.0 |
        Bazaar |    305 |    305 |      0 |      0 |    153 |   2 |  152.5 |
       Ossuary |    255 |    255 |      0 |     43 |     65 |   1 |  255.0 |
        Bailey |    502 |    502 |      0 |      0 |    256 |   1 |  502.0 |
      Ice Cave |   1343 |   1343 |      0 |    915 |     77 |   1 | 1343.0 |
        Wizlab |    400 |    400 |      0 |     29 |    105 |   1 |  400.0 |
      Gauntlet |    915 |    915 |      0 |    493 |    155 |   1 |  915.0 |
               +--------+--------+--------+--------+--------+-----+--------+

Top non-repeatable levels by time:
Vaults:1: 2823 daAuts
  Lair:3: 2624 daAuts
  Lair:2: 2523 daAuts
Depths:2: 2397 daAuts
Vaults:2: 2369 daAuts
    D:13: 2291 daAuts
 Snake:3: 2252 daAuts
Depths:1: 2147 daAuts
Depths:4: 2122 daAuts
 Snake:4: 1831 daAuts
Depths:3: 1803 daAuts
    D:10: 1721 daAuts
    D:12: 1697 daAuts
   Elf:1: 1682 daAuts
Vaults:3: 1674 daAuts
